 Dungeon Crawl Stone Soup version 0.23.2-33-g5129a83184 (webtiles) character file.

Game seed: 8639246763584224821

4690 FunkyPutin the Basher (level 10, -5/60 HPs)
             Began as a Gargoyle Fighter on July 27, 2019.
             Was a Priest of Qazlal.
             Slain by a centaur (6 damage)
             ... on level 8 of the Dungeon on July 28, 2019.
             The game lasted 00:36:09 (8385 turns).

FunkyPutin the Basher (Gargoyle Fighter)            Turns: 8385, Time: 00:36:09

Health: -5/60      AC: 23    Str: 23    XL:     10   Next: 44%
Magic:  13/13      EV:  8    Int:  9    God:    Qazlal [***...]
Gold:   168        SH:  4    Dex:  9    Spells: 9/9 levels left

rFire    . . .     SeeInvis .   z - +9 dire flail (drain)
rCold    + . .     Gourm    .   (shield currently unavailable)
rNeg     + . .     Faith    .   l - +3 chain mail
rPois    ∞         Spirit   .   (no helmet)
rElec    +         Reflect  .   D - +0 cloak
rCorr    .         Harm     .   j - +0 pair of gloves
MR       .....                  (no boots)
Stlth    ..........             (no amulet)
HPRegen  0.20/turn              A - ring of flight
MPRegen  0.13/turn              g - ring of protection from cold

@: about to teleport, marked
A: negative energy resistance 1, electricity resistance, unbreathing,
petrification resistance, rot immunity, AC +7
a: Upheaval, Elemental Force, Renounce Religion, Evoke Flight


You were on level 8 of the Dungeon.
You worshipped Qazlal.
Qazlal was most pleased with you.
You were hungry.

You visited 1 branch of the dungeon, and saw 8 of its levels.
You also visited: Sewer.

You collected 468 gold pieces.
You spent 300 gold pieces at shops.

Inventory:

Hand Weapons
 a - a +2 flail
 z - a +9 dire flail of draining (weapon)
Armour
 b - a +0 scale mail
 c - a +0 shield
 j - a +0 pair of gloves (worn)
 l - a +3 chain mail (worn)
 u - a +1 plate armour
 D - a +0 cloak (worn)
Jewellery
 g - a ring of protection from cold (right hand)
 i - a +2 ring of evasion {unknown}
 A - a ring of flight (left hand)
 F - an uncursed ring of attention
Wands
 v - a wand of digging (23)
 y - a wand of flame (5)
 B - a wand of paralysis (8)
 C - a wand of polymorph (4)
Scrolls
 q - a scroll of silence {unknown}
 w - 2 scrolls of teleportation
Potions
 d - 2 potions of might
 e - a potion of resistance {unknown}
 h - 4 potions of curing
 m - 2 potions of heal wounds
 n - 2 potions of agility {unknown}
 o - 3 potions of flight
 p - 2 potions of magic {unknown}
 r - 2 potions of invisibility {unknown}
 s - a potion of brilliance {unknown}
 t - 2 potions of berserk rage {unknown}
 x - 2 potions of mutation
 I - a potion of lignification {unknown}
Comestibles
 f - 21 rations


   Skills:
 + Level 5.7 Fighting
 * Level 11.3 Maces & Flails
 + Level 6.5 Armour
 - Level 1.5 Dodging
 + Level 7.0 Shields
 * Level 4.2 Invocations


You had 9 spell levels left.
You didn't know any spells.
Your spell library contained the following spells:

 Spells                   Type           Power        Failure   Level  Hunger
 Magic Dart               Conj           #...         95%         1    ##.....
 Searing Ray              Conj           #.....       99%         2    ###....
 Dazzling Spray           Conj/Hex       #.....       100%        3    ####...
 Force Lance              Conj/Tloc      #.......     100%        4    #####..
 Fulminant Prism          Conj/Hex       #.........   100%        4    #####..
 Iskenderun's Mystic Bla  Conj           #.......     100%        4    #####..


Dungeon Overview and Level Annotations

Branches:
Dungeon (8/15)             Temple (0/1) D:4
   Lair: D:8-11

Altars:
Cheibriados
Fedhas
Makhleb
Qazlal
Sif Muna
Xom

Shops:
D:5 (*(?   D:6 (

Annotations:
D:8 Harold


Innate Abilities, Weirdness & Mutations

You are resistant to torment.
Your stone body is resilient. (AC +7)
You are immune to poison.
You resist negative energy. (rN+)
You are resistant to electric shocks. (rElec)
You can survive without breathing.
You are immune to petrification.
You are immune to rotting.


Message History

The centaur shoots an arrow.
The arrow hits you but does no damage.
You see here an arrow.
The centaur unwields a +0 shortbow.
The centaur hits you.
* * * LOW HITPOINT WARNING * * *
A necrophage comes into view.
The centaur hits you but does no damage. x2
The centaur hits you but does no damage.
The centaur wields a +0 shortbow.
The centaur shoots an arrow.
The arrow hits you.
* * * LOW HITPOINT WARNING * * *
You see here an arrow.
The centaur unwields a +0 shortbow.
The centaur hits you but does no damage.
The necrophage hits you but does no damage.
Harold says, "My wife will appreciate not having to wash blood out of my clothes anymore."
You block the centaur's attack.
As you read the scroll of teleportation, it crumbles to dust.
You feel strangely unstable. The necrophage barely misses you.
The centaur hits you.
You die...

.# ##.......c..# .#
#.......†.... #.##
#...........# #(.#
##.(...c##### #..#
##((...#..#. #.(#
##(..##††#. ###..##
###(..##..'.
.###....c####.(...##†)#.
..:....@@...((>....#..#.
.......☼n.....###..#'###
#####.○.....### ###.....
##....### ##.... ######
##### # . ..


You could see Harold, a necrophage and a centaur.

Vanquished Creatures
  Pikel (D:4)
  Grinder (D:4)
  A yak (D:8)
  Sigmund (D:3)
  A human (D:8)
  3 hogs (D:8)
  A water moccasin (D:8)
  2 orc warriors
  2 ice beasts
  2 phantoms
  A black bear (D:6)
  3 ogres
  3 centaurs
  A crocodile (D:6)
  A big kobold (Sewer)
  A gnoll sergeant (D:5)
  2 bullfrogs
  A wyvern skeleton (D:8)
  2 scorpions
  8 wights
  2 howler monkeys
  4 crimson imps
  A quasit (D:5)
  2 jellies (D:7)
  4 hounds
  6 orc priests
  Ijyb (D:4)
  Jessica (D:3)
  2 iguanas
  3 orc wizards
  3 worker ants
  A worker ant zombie (D:6)
  6 gnolls (D:5)
  2 river rats (Sewer)
  11 adders
  A shadow imp (D:5)
  5 oozes
  An adder skeleton (D:4)
  3 dart slugs
  5 worms
  8 leopard geckos
  20 orcs
  4 giant cockroaches
  6 goblins
  8 hobgoblins
  19 jackals
  3 quokkas
  3 ball pythons
  11 bats
  2 frilled lizards
  A jackal skeleton (D:3)
  8 kobolds
  A quokka skeleton (D:4)
  12 rats
208 creatures vanquished.

Vanquished Creatures (others)
  A slave (D:4)
  An ogre (D:4)
  A hound (D:4)
  A bullfrog skeleton (D:4)
  A giant cockroach (D:4)
  2 butterflies (D:4)
7 creatures vanquished.

Grand Total: 215 creatures vanquished

Notes
Turn   | Place    | Note
-------+----------+-------------------------------------------
     0 | D:1      | FunkyPutin the Gargoyle Fighter began the quest for the
                  | Orb.
     0 | D:1      | Reached XP level 1. HP: 14/14 MP: 1/1
    56 | D:1      | Reached XP level 2. HP: 8/19 MP: 2/2
   582 | D:1      | Reached XP level 3. HP: 23/24 MP: 3/3
   829 | D:2      | Reached XP level 4. HP: 13/29 MP: 4/4
  1122 | D:2      | Reached skill level 3 in Maces & Flails
  1144 | D:2      | Reached skill level 1 in Dodging
  1330 | D:2      | Found a blossoming altar of Fedhas.
  1331 | D:2      | Found a stormy altar of Qazlal.
  1365 | D:2      | Became a worshipper of Qazlal Stormbringer
  1483 | D:2      | Found a deep blue altar of Sif Muna.
  1574 | D:2      | Reached XP level 5. HP: 33/33 MP: 5/5
  2408 | D:3      | Found a glowing drain.
  2416 | D:3      | Noticed Sigmund
  2491 | D:3      | Killed Sigmund
  2491 | D:3      | Reached skill level 4 in Maces & Flails
  2491 | D:3      | Reached XP level 6. HP: 13/38 MP: 6/6
  2520 | Sewer    | Entered a sewer
  2804 | Sewer    | Reached skill level 5 in Maces & Flails
  2850 | Sewer    | Found a white marble altar of Elyvilon.
  3426 | D:3      | Noticed Jessica
  3433 | D:3      | Killed Jessica
  3433 | D:3      | Reached XP level 7. HP: 37/43 MP: 7/7
  3435 | D:3      | Reached * piety under Qazlal
  3721 | D:4      | Found a staircase to the Ecumenical Temple.
  3781 | D:4      | Noticed Pikel
  3815 | D:4      | Killed Pikel
  3815 | D:4      | Reached skill level 6 in Maces & Flails
  3815 | D:4      | Reached skill level 5 in Shields
  3815 | D:4      | Reached XP level 8. HP: 37/48 MP: 8/8
  3835 | D:4      | Noticed Grinder
  3839 | D:4      | Paralysed by Grinder for 3 turns
  3851 | D:4      | Paralysed by Grinder for 4 turns
  3862 | D:4      | Paralysed by Grinder for 6 turns
  3872 | D:4      | Reached skill level 7 in Maces & Flails
  4101 | D:4      | Noticed Ijyb
  4134 | D:4      | Killed Ijyb
  4233 | D:4      | Paralysed by Grinder for 6 turns
  4246 | D:4      | Paralysed by Grinder for 2 turns
  4253 | D:4      | Killed Grinder
  4253 | D:4      | Reached skill level 5 in Armour
  4477 | D:4      | Found a shimmering altar of Xom.
  4830 | D:5      | Entered Level 5 of the Dungeon
  4830 | D:5      | Found Dosechi's Weapon Shoppe.
  4903 | D:5      | Reached skill level 8 in Maces & Flails
  4914 | D:5      | Reached skill level 1 in Invocations
  4959 | D:5      | Reached XP level 9. HP: 43/53 MP: 10/10
  4974 | D:5      | Reached skill level 5 in Fighting
  5036 | D:5      | Reached ** piety under Qazlal
  5278 | D:5      | Found Ycvusch's Assorted Antiques.
  5303 | D:5      | Bought a runed dire flail for 140 gold pieces
  5303 | D:5      | Bought a potion of curing for 60 gold pieces
  5303 | D:5      | Bought a scroll of teleportation for 60 gold pieces
  5303 | D:5      | Bought a scroll of identify for 40 gold pieces
  5538 | D:5      | Found Etzuidui's Magic Scroll Shoppe.
  5543 | D:5      | Found Woferhoe's Antique Weapon Emporium.
  5986 | D:6      | Reached skill level 9 in Maces & Flails
  6330 | D:6      | Found Uvves's Antique Weapon Emporium.
  6519 | D:6      | Found a snail-covered altar of Cheibriados.
  7265 | D:7      | Reached skill level 10 in Maces & Flails
  7318 | D:7      | Reached XP level 10. HP: 31/59 MP: 12/12
  7352 | D:7      | Reached *** piety under Qazlal
  7787 | D:7      | Found a burning altar of Makhleb.
  8154 | D:8      | Reached skill level 11 in Maces & Flails
  8304 | D:8      | Noticed Harold
  8383 | D:8      | HP: 1/60 [centaur/arrow (4)]
  8385 | D:8      | Slain by a centaur

Skill      XL: |  1  2  3  4  5  6  7  8  9 10 |
---------------+-------------------------------+-----
Maces & Flails | 3 4 5 6 8 10 11 | 11.3
Dodging        | 1 |  1.5
Fighting       | 4 5 |  5.7
Armour         | 4 5 6 |  6.5
Shields        | 4 5 6 7 |  7.0
Invocations    | 1 3 4 |  4.2

Action                   |  1- 3 |  4- 6 |  7- 9 | 10-12 || total
-------------------------+-------+-------+-------+-------++-------
Melee: Flail             |   118 |   263 |   287 |       ||   668
       Dire flail        |       |       |   113 |    82 ||   195
Invok: Upheaval          |       |       |       |     1 ||     1
  Use: Scroll            |     2 |     7 |     8 |     7 ||    24
  Eat: Chunk             |       |     6 |     3 |     2 ||    11
       Ration            |       |     1 |     3 |       ||     4
Armor: Scale mail        |    84 |    31 |       |       ||   115
       Chain mail        |       |   133 |   184 |   111 ||   428
Dodge: Dodged            |    56 |    62 |    80 |    39 ||   237
Block: Shield            |    92 |   126 |   185 |       ||   403
       Other             |       |       |     9 |    11 ||    20
